 Dungeon Crawl Stone Soup version 0.30-a0-782-ge64f9170bb (webtiles) character file.

Game seed: 3938963335332744384

16 mopl the Sneak (level 2, -1/13 HPs)
             Began as a Vine Stalker Enchanter on Mar 6, 2023.
             Slain by a quokka (4 damage)
             ... on level 1 of the Dungeon.
             The game lasted 00:00:40 (186 turns).

mopl the Sneak (Vine Stalker Enchanter)              Turns: 186, Time: 00:00:40

Health: -1/13      AC:  2    Str: 10    XL:     2   Next: 54%
Magic:  0/6        EV: 12    Int: 15    God:
Gold:   8          SH:  0    Dex: 14    Spells: 3/5 levels left

rFire   . . .      SeeInvis .    a - +1 dagger
rCold   . . .      Faith    .    (no shield)
rNeg    . . .      Spirit   +    b - +0 robe
rPois   .          Reflect  .    (no helmet)
rElec   .          Harm     .    (no cloak)
rCorr   .          Rampage  .    (no gloves)
Will    .....                    (no boots)
Stlth   +++                      (no amulet)
HPRegen 0.22/turn                (no ring)
MPRegen 0.10/turn                (no ring)

@: no status effects
A: fangs 2, magic shield, antimagic bite, no potion heal 2
a: no special abilities


You were on level 1 of the Dungeon.
You visited 1 branch of the dungeon, and saw 1 of its levels.

You collected 8 gold pieces.

Inventory:

Hand Weapons
 a - a +1 dagger (weapon)
Armour
 b - a +0 robe (worn)
Potions
 c - 2 potions of invisibility
 d - a potion of lignification {unknown}
 e - a potion of flight {unknown}


   Skills:
 + Level 1.3 Short Blades
 - Level 1.5 Dodging
 + Level 4.0 Stealth
 + Level 2.4 Spellcasting
 + Level 3.2 Hexes


You had 3 spell levels left.
You knew the following spells:

 Your Spells              Type           Power      Damage    Failure   Level
b - Ensorcelled Hibernat  Hex/Ice        12%        N/A       17%         2

Your spell library contained the following spells:

 Spells                   Type           Power      Damage    Failure   Level
 Confusing Touch          Hex            11%        N/A       17%         3
 Tukima's Dance           Hex            11%        N/A       17%         3
 Dazzling Flash           Conj/Hex       12%        N/A       32%         3


Dungeon Overview and Level Annotations

Branches:
Dungeon (1/15)

Altars:


Innate Abilities, Weirdness & Mutations

You have extremely sharp teeth.
When hurt, damage is shared between your health and your magic reserves.
Your bite disrupts and absorbs the magic of your enemies.
Potions cannot restore your health.


Message History

A hobgoblin comes into view.
The quokka twitches its whiskers.
The quokka barely misses you.
You hit the quokka but do no damage. The quokka bites you.
You completely miss the quokka. Your bite misses the quokka.
The quokka completely misses you.
You hit the quokka. Your bite misses the quokka.
The quokka is lightly wounded.
The quokka twitches its whiskers.
The quokka barely misses you. The dart slug launches a dart at you.
The slug dart hits you. The quokka bites you.
You are too injured to fight recklessly!
You are too injured to fight recklessly!
There are monsters nearby!
The quokka attacks as you move away! The quokka closely misses you.
The quokka attacks as you move away! The quokka bites you.
The quokka barely misses you. The quokka attacks as you move away!
The quokka bites you.
* * * LOW HITPOINT WARNING * * *
You barely miss the quokka.
The quokka is lightly wounded.
The quokka closely misses you.
You hit the quokka but do no damage.
The quokka is lightly wounded.
The quokka closely misses you.
Casting: Ensorcelled Hibernation (safe; 17% risk of failure)
Confirm with . or Enter, or press ? or * to list all spells.
Okay, then.
You hit the quokka.
The quokka is moderately wounded.
The quokka completely misses you.
You hit the quokka. Your bite misses the quokka.
The quokka is severely wounded.
The quokka bites you but does no damage.
The quokka barely misses you.
You closely miss the quokka. You bite the quokka, but do no damage.
The quokka is severely wounded.
The quokka bites you.
You die...

###..# #....# ####.#..##
#....#...# ####
#.##.§§§.#.....
#.###§_..#.#.# #.#
#.§.##...# #.#
#.#.#...###. #@#
#†#.....#... #r#
#.#.......## ##g#
#.#......... #.w#
#.#.)..#.... ##.##
#..†.....#####
.######).####.....######..
.....>............#####..#
.......).......)..........
..........................


You could see a dart slug, a quokka and a hobgoblin.

Vanquished Creatures
  A ball python (D:1)
  2 goblins (D:1)
  A hobgoblin (D:1)
  4 jackals (D:1)
  2 quokkas (D:1)
  A frilled lizard (D:1)
  A kobold (D:1)
  A rat (D:1)
13 creatures vanquished.

Notes
Turn   | Place    | Note
-------+----------+-------------------------------------------
     0 | D:1      | mopl the Vine Stalker Enchanter began the quest for the
                  | Orb.
     0 | D:1      | Reached XP level 1. HP: 9/9 MP: 4/4
    27 | D:1      | Found a faded altar of an unknown god.
    29 | D:1      | Reached skill level 1 in Short Blades
    52 | D:1      | Reached XP level 2. HP: 13/13 MP: 6/6
   120 | D:1      | Learned a level 2 spell: Ensorcelled Hibernation
   169 | D:1      | Reached skill level 4 in Stealth
   186 | D:1      | Slain by a quokka

Illustrated notes

Levels and vault maps discovered:
D:1:      spicycebolla_green_bress_n_ham, layout_rooms,
          ebering_ecumenical_altar_mist, minmay_unequal

Skill      XL: |  1  2 |
---------------+-------+-----
Short Blades   | 1 |  1.3
Stealth        | 4 |  4.0
Dodging        | |  1.5
Spellcasting   | |  2.4
Hexes          | |  3.2

Action                     || total
---------------------------++-------
  Melee: Dagger            ||    39
         Bite              ||     8
         Punch             ||     1
   Stab: Sleeping          ||     1
 Armour: Robe              ||     5
  Dodge: Dodged            ||    23

Table legend: (Time is in decaauts)
 A = Elapsed time spent in this place.
 B = Non-inter-level travel time spent in this place.
 C = Inter-level travel time spent in this place.
 D = Time resting spent in this place.
 E = Time spent auto-exploring this place.
 F = Levels seen in this place.
 G = Mean time per level.
                   A        B        C        D        E       F      G
               +--------+--------+--------+--------+--------+-----+--------+
         Total |    183 |    183 |      0 |     46 |     38 |   1 |  183.0 |
       Dungeon |    183 |    183 |      0 |     46 |     38 |   1 |  183.0 |
               +--------+--------+--------+--------+--------+-----+--------+

Top non-repeatable levels by time:
     D:1: 183 daAuts
